 Dungeon Crawl Stone Soup version 0.27-a0-998-g4cfe56dd59 (webtiles) character file.

Game seed: 17091684735671079102

331 harryhousin the Stinger (level 6, -1/47 HPs)
             Began as a Gnoll Wanderer on Apr 16, 2021.
             Was a Believer of Lugonu.
             Slain by Grinder (7 damage)
             ... while paralysed by Grinder
             ... on level 3 of the Dungeon.
             The game lasted 00:25:05 (5723 turns).

harryhousin the Stinger (Gnoll Wanderer)            Turns: 5723, Time: 00:25:05

Health: -1/47      AC:  2    Str: 11    XL:     6   Next: 51%
Magic:  5/11       EV:  2    Int: 12    God:    Lugonu [**....]
Gold:   116        SH:  0    Dex: 13    Spells: 7/11 levels left

rFire    . . .     SeeInvis .   a - +0 dagger
rCold    . . .     Faith    .   (no shield)
rNeg     . . .     Spirit   .   e - +0 robe
rPois    .         Reflect  .   (no helmet)
rElec    .         Harm     .   (no cloak)
rCorr    .         Rampage  .   (no gloves)
Will     .....                  (no boots)
Stlth    ++........             (no amulet)
HPRegen  0.15/turn              (no ring)
MPRegen  0.12/turn              (no ring)

@: paralysed, mighty
A: fangs 1, strong nose, distributed training
a: Renounce Religion, Depart the Abyss, Bend Space


You were on level 3 of the Dungeon.
You worshipped Lugonu.
Lugonu was pleased with you.
You visited 1 branch of the dungeon, and saw 3 of its levels.

You collected 176 gold pieces.
You spent 60 gold pieces at shops.

Inventory:

Hand Weapons
 a - a +0 dagger (weapon)
Missiles
 c - 12 poisoned darts (quivered)
Armour
 e - a +0 robe (worn)
Jewellery
 l - a ring of wizardry
Scrolls
 b - a scroll of identify
 d - a scroll of enchant weapon {unknown}
 g - a scroll of enchant armour {unknown}
 h - a scroll of blinking {unknown}
 i - 2 scrolls of immolation
 j - a scroll of fear {unknown}
Potions
 f - 2 potions of curing


   Skills:
 + Level 3.2 Fighting
 + Level 5.0 Short Blades
 + Level 2.0 Long Blades
 + Level 2.0 Axes
 + Level 2.0 Maces & Flails
 + Level 2.0 Polearms
 + Level 2.0 Staves
 + Level 2.0 Slings
 + Level 2.0 Bows
 + Level 2.0 Crossbows
 + Level 3.2 Throwing
 + Level 2.0 Armour
 + Level 2.0 Dodging
 + Level 3.1 Stealth
 + Level 2.0 Shields
 + Level 2.0 Unarmed Combat
 + Level 3.4 Spellcasting
 + Level 1.5 Conjurations
 + Level 1.5 Hexes
 + Level 1.5 Summonings
 + Level 1.5 Necromancy
 + Level 1.5 Translocations
 + Level 1.5 Transmutations
 + Level 1.5 Fire Magic
 + Level 1.5 Ice Magic
 + Level 1.5 Air Magic
 + Level 2.6 Earth Magic
 + Level 5.6 Poison Magic
 + Level 2.2 Invocations
 + Level 2.0 Evocations


You had 7 spell levels left.
You knew the following spells:

 Your Spells              Type           Power      Damage    Failure   Level
a - Sting                 Tmut/Pois      40%        1d5       5%          1
b - Poisonous Vapours     Pois/Air       20%        N/A       8%          2
c - Summon Small Mammal   Summ           20%        N/A       12%         1

Your spell library contained the following spells:

 Spells                   Type           Power      Damage    Failure   Level
 Ignite Poison            Fire/Tmut/Pois 9%         N/A       22%         3
 Mephitic Cloud           Conj/Pois/Air  9%         N/A       22%         3
 Olgreb's Toxic Radiance  Pois           15%        N/A       22%         4
 Summon Guardian Golem    Hex/Summ       5%         N/A       36%         3


Dungeon Overview and Level Annotations

Branches:
Dungeon (3/15)

Altars:
The Shining One
Lugonu

Shops:
D:1 !

Annotations:
D:3 Grinder


Innate Abilities, Weirdness & Mutations

You have very sharp teeth.
Your uncanny sense of smell can sniff out nearby items.
Your experience applies equally to all skills.


Message History

Press: ? - help, Shift-Dir - straight line, f/p - Grinder
Aim: Grinder (lightly wounded, 68% to hit)
The sting hits Grinder.
Grinder is poisoned.
Grinder is lightly wounded.
Grinder misses you.
Casting: Sting (safe; 5% risk of failure)
Confirm with . or Enter, or press ? or * to list all spells.
Aiming: Sting (safe; 5% risk of failure)
Press: ? - help, Shift-Dir - straight line, f/p - Grinder
Aim: Grinder (lightly wounded, poisoned, 68% to hit)
The sting misses Grinder.
Grinder barely misses you.
Casting: Sting (safe; 5% risk of failure)
Confirm with . or Enter, or press ? or * to list all spells.
Aiming: Sting (safe; 5% risk of failure)
Press: ? - help, Shift-Dir - straight line, f/p - Grinder
Aim: Grinder (lightly wounded, poisoned, 68% to hit)
The sting misses Grinder.
Grinder hits you!
Casting: Sting (safe; 5% risk of failure)
Confirm with . or Enter, or press ? or * to list all spells.
Aiming: Sting (safe; 5% risk of failure)
Press: ? - help, Shift-Dir - straight line, f/p - Grinder
Aim: Grinder (lightly wounded, poisoned, 68% to hit)
The sting misses Grinder.
Grinder hits you.
You writhe in agony.
You barely miss Grinder.
Grinder is lightly wounded.
Grinder hits you.
You writhe in agony.
You hit Grinder but do no damage.
Grinder is lightly wounded.
Grinder looks more healthy.
You barely miss Grinder.
Grinder is lightly wounded.
Grinder gestures at you. Pain shoots through your body!
* * * LOW HITPOINT WARNING * * *
It was a potion of might.
You feel very mighty all of a sudden. Grinder gestures at you.
You suddenly lose the ability to move!
Grinder hits you!
You die...

.###.............# ##P...P..)####
####.#####.......#######..##.[.##
.....###...##.............#.....)
####.#.###.###...#...............
...#.......# #...#...............
.# #.#.##### #####...............
# ######.## ####........#...).. #
#.# #...#####.#.....#...##)..##
##.###.........@5.##.#.####.####
#..##..##...##.#..##...## #>#
##.#.5.....#....#.###....# #.#
...#.###..####....##..##.###.#
..5..# ##.####...........##..#
....## #.......#.##.....##.##
##..######.........#.._..##)#
#.............#.#........#.#
##...............##.......#)#


You could see Grinder.

Vanquished Creatures
  A crimson imp (D:3)
  4 orc priests (D:3)
  2 adders
  5 gnolls
  3 worms
  A dart slug (D:1)
  7 orcs (D:3)
  6 ball pythons
  5 bats
  7 endoplasms
  5 giant cockroaches
  5 goblins
  6 hobgoblins
  14 jackals
  4 kobolds
  7 quokkas
  2 frilled lizards
  A hobgoblin zombie (D:3)
  An orc skeleton (D:3)
  An orc zombie (D:3)
  A rat (D:1)
88 creatures vanquished.

Vanquished Creatures (collateral kills)
  A goblin zombie (D:3)
  A kobold skeleton (D:3)
2 creatures vanquished.

Vanquished Creatures (others)
  10 plants (D:3)
10 creatures vanquished.

Grand Total: 100 creatures vanquished

Notes
Turn   | Place    | Note
-------+----------+-------------------------------------------
     0 | D:1      | harryhousin the Gnoll Wanderer began the quest for the Orb.
     0 | D:1      | harryhousin set off with the following items: a +0 dagger,
                  | 12 poisoned darts, a +0 robe; and the following spells
                  | available to memorise: Sting, Poisonous Vapours, Summon
                  | Small Mammal, Olgreb's Toxic Radiance, Ignite Poison,
                  | Mephitic Cloud, Summon Guardian Golem
     0 | D:1      | Reached XP level 1. HP: 17/17 MP: 4/4
     2 | D:1      | Learned a level 1 spell: Sting
   169 | D:1      | Reached XP level 2. HP: 9/23 MP: 0/5
   613 | D:1      | Found Ziuretin's Distillery.
   679 | D:1      | Bought 2 potions of curing for 60 gold pieces
   795 | D:1      | Reached XP level 3. HP: 23/28 MP: 2/7
  1207 | D:1      | Learned a level 2 spell: Poisonous Vapours
  1543 | D:1      | Reached skill level 1 in Invocations
  2124 | D:2      | Reached skill level 1 in Long Blades
  2124 | D:2      | Reached skill level 1 in Axes
  2124 | D:2      | Reached skill level 1 in Maces & Flails
  2124 | D:2      | Reached skill level 1 in Polearms
  2124 | D:2      | Reached skill level 1 in Staves
  2124 | D:2      | Reached skill level 1 in Slings
  2124 | D:2      | Reached skill level 1 in Bows
  2124 | D:2      | Reached skill level 1 in Crossbows
  2124 | D:2      | Reached skill level 1 in Armour
  2124 | D:2      | Reached skill level 1 in Dodging
  2124 | D:2      | Reached skill level 1 in Shields
  2124 | D:2      | Reached skill level 1 in Unarmed Combat
  2124 | D:2      | Reached skill level 1 in Evocations
  2221 | D:2      | Reached XP level 4. HP: 34/34 MP: 3/8
  3625 | D:2      | Reached skill level 1 in Conjurations
  3625 | D:2      | Reached skill level 1 in Hexes
  3625 | D:2      | Reached skill level 1 in Summonings
  3625 | D:2      | Reached skill level 1 in Necromancy
  3625 | D:2      | Reached skill level 1 in Translocations
  3625 | D:2      | Reached skill level 1 in Transmutations
  3625 | D:2      | Reached skill level 1 in Fire Magic
  3625 | D:2      | Reached skill level 1 in Ice Magic
  3625 | D:2      | Reached skill level 1 in Air Magic
  3948 | D:3      | Reached XP level 5. HP: 31/40 MP: 2/9
  4157 | D:3      | Found a faded altar of an unknown god.
  4272 | D:3      | Became a worshipper of Lugonu the Unformed
  4272 | D:3      | Reached * piety under Lugonu
  4272 | D:3      | Reached ** piety under Lugonu
  4456 | D:3      | Reached XP level 6. HP: 47/47 MP: 2/10
  5383 | D:3      | Reached skill level 5 in Short Blades
  5439 | D:3      | Learned a level 1 spell: Summon Small Mammal
  5444 | D:3      | Found a glowing golden altar of the Shining One.
  5675 | D:3      | Noticed Grinder
  5700 | D:3      | Paralysed by Grinder for 4 turns
  5710 | D:3      | Paralysed by Grinder for 2 turns
  5722 | D:3      | Paralysed by Grinder for 7 turns
  5723 | D:3      | Slain by Grinder

Illustrated notes

Levels and vault maps discovered:
D:1:      dpeg_arrival_fog, layout_loops_cross, serial_shops, shop_coins
D:2:      layout_basic, grunt_ministairs_1, minmay_puff
D:3:      layout_rooms, nicolae_tso_besieged_by_evil,
          nicolae_overflow_crystal_walls, ebering_ecumenical_altar_sacrificial,
          grunt_decor_fettered, serial_bayou_pond_a, corexii_hall_statues_i,
          uniq_grinder

Skill      XL: |  1  2  3  4  5  6 |
---------------+-------------------+-----
Earth Magic    | 2 |  2.6
Invocations    | 1 2 |  2.2
Long Blades    | 1 2 |  2.0
Axes           | 1 2 |  2.0
Maces & Flails | 1 2 |  2.0
Polearms       | 1 2 |  2.0
Staves         | 1 2 |  2.0
Slings         | 1 2 |  2.0
Bows           | 1 2 |  2.0
Crossbows      | 1 2 |  2.0
Armour         | 1 2 |  2.0
Dodging        | 1 2 |  2.0
Shields        | 1 2 |  2.0
Unarmed Combat | 1 2 |  2.0
Evocations     | 1 2 |  2.0
Spellcasting   | 3 |  3.4
Conjurations   | 1 |  1.5
Hexes          | 1 |  1.5
Summonings     | 1 |  1.5
Necromancy     | 1 |  1.5
Translocations | 1 |  1.5
Transmutations | 1 |  1.5
Fire Magic     | 1 |  1.5
Ice Magic      | 1 |  1.5
Air Magic      | 1 |  1.5
Fighting       | 3 |  3.2
Throwing       | 3 |  3.2
Stealth        | 3 |  3.1
Short Blades   | 5 |  5.0
Poison Magic   | |  5.6

Action                   |  1- 3 |  4- 6 || total
-------------------------+-------+-------++-------
Melee: Dagger            |    51 |   112 ||   163
       Bite              |     3 |    13 ||    16
Throw: Dart              |     5 |       ||     5
 Cast: Sting             |    42 |    36 ||    78
       Poisonous Vapours |    13 |    78 ||    91
       Summon Small Mamm |       |     3 ||     3
  Use: Scroll            |       |     1 ||     1
       Potion            |       |     1 ||     1
 Stab: Distracted        |       |     1 ||     1
Armor: Robe              |    10 |    13 ||    23
Dodge: Dodged            |    34 |    61 ||    95

Table legend: (Time is in decaauts)
 A = Elapsed time spent in this place.
 B = Non-inter-level travel time spent in this place.
 C = Inter-level travel time spent in this place.
 D = Time resting spent in this place.
 E = Time spent auto-exploring this place.
 F = Levels seen in this place.
 G = Mean time per level.
                   A        B        C        D        E       F      G
               +--------+--------+--------+--------+--------+-----+--------+
         Total |   5690 |   5604 |     86 |   3237 |   1007 |   3 | 1896.7 |
       Dungeon |   5690 |   5604 |     86 |   3237 |   1007 |   3 | 1896.7 |
               +--------+--------+--------+--------+--------+-----+--------+

Top non-repeatable levels by time:
     D:1: 2067 daAuts
     D:3: 1864 daAuts
     D:2: 1758 daAuts
